[Event "14th Poti Open-A 2019"]
[Site "Poti"]
[Date "2019.07.15"]
[Round "3.17"]
[White "Manukyan, Aleks"]
[Black "Harutyunyan, Gor"]
[Result "1-0"]
[ECO "A15"]
[WhiteElo "2097"]
[BlackElo "1832"]
[Annotator "NA RC"]
[PlyCount "89"]
[EventDate "2019.07.13"]
[EventType "swiss"]
[EventCountry "GEO"]
[SourceTitle "playchess.com"]
[Source "ChessBase"]
[SourceQuality "1"]
[TimeControl "40/5400+30:1800+30"]

1. c4 Nf6 2. Nf3 c6 3. e3 d5 4. Nc3 Bg4 5. cxd5 Nxd5 (5... Bxf3 6. Qxf3 cxd5 7. Bb5+ Nc6 8. Bxc6+ bxc6 9. b3 e6 10. Bb2 Be7 11. Rc1 O-O 12. O-O Qa5 13. Rc2 c5 14. d3 Qa6 {½-½ (49) Ivanchuk,V (2710)-Vitiugov,N (2721) Jurmala 2016}) 6. h3 {[%emt 0:04:51] A11: English Opening: 1...c6} Nxc3 $146 ({Predecessor:} 6... Bh5 7. Qb3 Nb6 8. a4 a5 9. Ne5 e6 10. g4 Bg6 11. h4 Qc7 12. h5 Bc2 13. Qxc2 Qxe5 {½-½ (35) Rozum,I (2354)-Khakimov,T (2409) Peterhof 2007}) 7. bxc3 Bf5 8. d3 Nd7 9. e4 Bg6 10. Rb1 Qc7 11. Be2 e5 12. Nh4 Be7 13. Nxg6 hxg6 14. Be3 O-O 15. O-O Bc5 16. d4 Bb6 17. Bc4 exd4 18. cxd4 c5 (18... Rad8 $142) 19. Bd5 cxd4 20. Bxd4 Rad8 21. Ba1 Nf6 22. Bxf6 gxf6 23. Qf3 Kg7 24. a4 Qe5 25. Rb5 Bc7 26. g3 Rh8 27. Kg2 b6 28. Bxf7 Qd4 29. Bb3 Rhe8 30. Rc1 Re7 31. Rc6 Rd6 32. Rd5 Qb4 33. Rc4 $18 Qa3 34. h4 Rxd5 35. exd5 Be5 36. Rg4 Qc1 37. Qf5 Qh6 38. Bc2 Kf8 39. Rxg6 Qd2 40. Be4 Bd4 41. Rg4 Qe2 42. Qc8+ Re8 43. Rg8+ Kxg8 44. Qxe8+ Kg7 45. Qe7+ 1-0

[Event "14th Poti Open-A 2019"]
[Site "Poti"]
[Date "2019.07.15"]
[Round "3.18"]
[White "Manukyan, Sevak N."]
[Black "Mesropian, Khachatur"]
[Result "1-0"]
[ECO "D30"]
[WhiteElo "1830"]
[BlackElo "2094"]
[Annotator "NA RC"]
[PlyCount "137"]
[EventDate "2019.07.13"]
[EventType "swiss"]
[EventCountry "GEO"]
[SourceTitle "playchess.com"]
[Source "ChessBase"]
[SourceQuality "1"]
[TimeControl "40/5400+30:1800+30"]

1. d4 d5 2. c4 e6 3. cxd5 exd5 4. Nc3 c6 5. Qc2 Bd6 6. Nf3 Ne7 7. e4 {[%emt 0:06:36] D31: Queen's Gambit Declined: Semi-Slav without ...Nf6 (+ Marshall Gambit and Noteboom) and Exchange Variation lines without ...Nf6} (7. Bg5 f6 8. Bd2 Na6 9. e4 Nb4 10. Qb3 a5 11. a3 a4 12. Qd1 dxe4 13. Nxe4 Nbd5 14. Bc4 Be6 15. O-O O-O {½-½ (34) Ivanchuk,V (2728)-Kramnik,V (2803) Tbilisi 2017}) 7... dxe4 8. Nxe4 Bb4+ 9. Bd2 Bxd2+ 10. Qxd2 Bf5 11. Bd3 Qd5 12. Qe3 $146 ({Predecessor:} 12. Qf4 Bxe4 13. Bxe4 Qa5+ 14. Nd2 O-O {1-0 (33) Poulin,M (2068)-Bouchard,J (1942) Montreal 2011}) 12... Bxe4 13. Bxe4 Qa5+ 14. Nd2 Nd7 15. O-O Nf6 16. Rfe1 O-O 17. Nb3 Qa4 18. Bxh7+ Kxh7 19. Qxe7 Qb5 20. Qc5 Qxc5 21. Nxc5 b6 22. Nb3 Rfe8 23. Rec1 Re2 24. Rab1 Rae8 25. Kf1 Nd5 26. a3 Nf4 $16 27. Rc3 a5 28. a4 g5 29. h3 R8e6 30. Kg1 R2e4 31. Kh2 Re2 32. Rf3 Kg6 33. h4 Rc2 34. hxg5 Kxg5 35. g3 Nd5 36. Rxf7 Nf6 37. Kg1 Ree2 38. Rf1 Rxb2 39. Nc1 Red2 40. Rg7+ Kh6 41. Rc7 Rbc2 42. Rb7 Nd5 43. Rb8 Ne3 44. Re1 Rd1 45. Nd3 Rxd3 46. Rxe3 Rxe3 47. fxe3 Rb2 48. Rc8 Kg5 49. Rxc6 Kg4 50. Rf6 Re2 51. Re6 Kf3 52. d5 Rd2 53. e4 Kxg3 54. Kf1 Kf3 55. Ke1 Ke3 56. d6 b5 57. axb5 a4 58. e5 a3 59. Re8 Rb2 60. Kd1 a2 61. Ra8 Rxb5 62. Rxa2 Rd5+ 63. Ke1 Rb5 64. Re2+ Kf3 65. d7 Rb1+ 66. Kd2 Rb2+ 67. Kd3 Rxe2 68. d8=Q Rxe5 69. Qf6+ 1-0

[Event "14th Poti Open-A 2019"]
[Site "Poti"]
[Date "2019.07.15"]
[Round "3.19"]
[White "Pluzyan, Aram"]
[Black "Qalichava, Akaki"]
[Result "1/2-1/2"]
[ECO "A22"]
[WhiteElo "2087"]
[BlackElo "1808"]
[Annotator "NA RC"]
[PlyCount "120"]
[EventDate "2019.07.13"]
[EventType "swiss"]
[EventCountry "GEO"]
[SourceTitle "playchess.com"]
[Source "ChessBase"]
[SourceQuality "1"]
[TimeControl "40/5400+30:1800+30"]

1. c4 e5 2. Nc3 Nf6 3. g3 c6 4. Bg2 d5 5. cxd5 cxd5 6. Qb3 Nc6 7. Nxd5 Nd4 8. Nxf6+ Qxf6 9. Qd3 Bf5 10. Be4 Bxe4 11. Qxe4 Bc5 12. e3 Nc6 13. d4 Bb4+ 14. Kf1 Qe7 15. d5 Nb8 $14 16. Ne2 O-O 17. g4 Nd7 18. a3 Bd6 19. Nc3 Nc5 20. Qc4 f5 21. b4 Nd7 22. gxf5 Rxf5 23. Qg4 Raf8 24. Ra2 Qf7 25. Qe2 e4 26. Rc2 Nf6 27. Bb2 Ng4 28. Nxe4 Nxh2+ 29. Ke1 Nf3+ 30. Kf1 Qxd5 31. Qc4 Nd2+ 32. Nxd2 Rxf2+ 33. Ke1 Rxd2 34. Qxd5+ Rxd5 35. Rg2 g6 36. Ke2 Bc7 37. Rg4 Rfd8 38. Bd4 Bb6 39. Kd3 Bxd4 40. exd4 Kg7 41. Rc1 h5 42. Re4 R8d7 43. Rc5 R5d6 44. Kc4 Kh6 45. Rc8 b5+ 46. Kd3 Ra6 47. Rc3 g5 48. Ke3 h4 49. Re5 g4 50. Rcc5 Kg7 51. Rxb5 Rxa3+ 52. Ke4 Rd6 53. Rb7+ Kg6 54. Ree7 Raa6 55. Rg7+ Kh6 56. Rxg4 Kh5 57. Rbg7 Rg6 58. R4xg6 Rxg6 59. Rxa7 Rb6 60. Ra5+ Kg4 1/2-1/2

[Event "14th Poti Open-A 2019"]
[Site "Poti"]
[Date "2019.07.15"]
[Round "3.21"]
[White "Bechvaia, Gabriel"]
[Black "Qaloyan, Ishkhan"]
[Result "1-0"]
[ECO "D55"]
[WhiteElo "1793"]
[BlackElo "1497"]
[Annotator "NA RC"]
[PlyCount "151"]
[EventDate "2019.07.13"]
[EventType "swiss"]
[EventCountry "GEO"]
[SourceTitle "playchess.com"]
[Source "ChessBase"]
[SourceQuality "1"]
[TimeControl "40/5400+30:1800+30"]

1. d4 d5 2. c4 e6 3. Nc3 Nf6 4. Bg5 Be7 5. e3 O-O 6. Nf3 b6 7. cxd5 Nxd5 8. Bxe7 Qxe7 9. Nxd5 exd5 10. Bd3 Be6 11. Qc2 h6 12. O-O Rc8 13. Rac1 c5 14. dxc5 bxc5 15. Nd4 a5 16. Nxe6 fxe6 17. e4 Na6 18. exd5 exd5 19. Rfe1 Qf6 20. Qe2 c4 21. Bb1 Nc5 22. Qd2 Rd8 23. b3 Rd6 24. Re3 Rad8 25. Qxa5 Ne4 26. Bxe4 dxe4 27. Qe1 cxb3 28. axb3 Rd3 29. Rxe4 Rxb3 30. Re8+ Rxe8 31. Qxe8+ Kh7 32. Qe4+ Qg6 33. Qc4 Rb1 34. h3 Rxc1+ 35. Qxc1 Qe4 36. Qc3 Qb1+ 37. Kh2 Qb8+ 38. g3 Qb7 39. Qe3 Qd5 40. g4 Qd6+ 41. Kg2 Qc6+ 42. f3 Qc2+ 43. Kg3 Qc7+ 44. f4 Qc2 45. h4 Qb1 46. h5 Qc2 47. g5 hxg5 48. fxg5 Qc7+ 49. Kg4 Qc4+ 50. Kf5 Qd5+ 51. Kf4 Qd6+ 52. Kf3 Qd1+ 53. Qe2 Qb3+ 54. Kf4 Qf7+ 55. Kg4 Qd7+ 56. Kh4 Qd4+ 57. Qg4 Qf2+ 58. Qg3 Qd4+ 59. Kh3 Qd7+ 60. Qg4 Qd3+ 61. Kh4 Qc3 62. Qe4+ Kg8 63. Qe6+ Kf8 64. Qd6+ Ke8 65. Qe6+ Kd8 66. h6 gxh6 67. gxh6 Qd4+ 68. Kg5 Qg1+ 69. Kf6 Qf2+ 70. Kg7 Qg1+ 71. Qg6 Qa7+ 72. Kg8 Qa2+ 73. Qf7 Qg2+ 74. Kf8 Qg5 75. Qe8+ Kc7 76. Qe7+ 1-0

[Event "14th Poti Open-A 2019"]
[Site "Poti"]
[Date "2019.07.15"]
[Round "3.22"]
[White "Nurijanyan, Alex"]
[Black "Mchedlishvili, Ramaz"]
[Result "1-0"]
[ECO "B24"]
[WhiteElo "1610"]
[BlackElo "1441"]
[Annotator "NA RC"]
[PlyCount "119"]
[EventDate "2019.07.13"]
[EventType "swiss"]
[EventCountry "GEO"]
[SourceTitle "playchess.com"]
[Source "ChessBase"]
[SourceQuality "1"]
[TimeControl "40/5400+30:1800+30"]

1. e4 c5 2. Nc3 Nc6 3. Bb5 a6 4. Bxc6 bxc6 5. f4 d6 6. Nf3 Nf6 7. d3 g6 8. O-O Bg7 9. Qe1 O-O 10. f5 e6 11. Qh4 exf5 12. Bg5 h6 13. Bxh6 Bxh6 14. Qxh6 Ng4 15. Qf4 Kg7 16. exf5 Bxf5 17. h3 Nf6 18. g4 Be6 19. Ng5 Nd5 20. Nxd5 cxd5 21. Rae1 Qe7 22. b4 cxb4 23. Qd4+ Kg8 24. Rf6 Qa7 25. Nxe6 fxe6 26. Rxg6+ Kh7 27. Qxa7+ Rxa7 28. Rexe6 Rc7 29. Rh6+ Kg7 30. Reg6+ Kf7 31. Rxd6 Rxc2 32. Rhf6+ Ke7 33. Rfe6+ Kf7 34. Rxa6 Rxa2 35. Rf6+ Ke7 36. Rxa2 Rxf6 37. Rb2 Rb6 38. Kf2 Kd6 39. Ke3 Kc5 40. h4 b3 41. g5 Rb4 42. h5 Rg4 43. g6 Rg5 44. Rh2 b2 45. Rxb2 Rxh5 46. Rc2+ Kd6 47. Rg2 Rh8 48. Kf4 Ke6 49. Kg5 Rh3 50. d4 Ke7 51. Rf2 Rg3+ 52. Kh6 Rh3+ 53. Kg5 Rg3+ 54. Kf5 Rg1 55. Re2+ Kd6 56. Re6+ Kd7 57. Re5 Rf1+ 58. Kg5 Rg1+ 59. Kf6 Rf1+ 60. Rf5 1-0

[Event "14th Poti Open-A 2019"]
[Site "Poti"]
[Date "2019.07.15"]
[Round "3.23"]
[White "Kukhilava, Gubaz"]
[Black "Liponava, Zurab"]
[Result "1-0"]
[ECO "B40"]
[WhiteElo "1558"]
[BlackElo "1793"]
[Annotator "NA RC"]
[PlyCount "82"]
[EventDate "2019.07.13"]
[EventType "swiss"]
[EventCountry "GEO"]
[SourceTitle "playchess.com"]
[Source "ChessBase"]
[SourceQuality "1"]
[TimeControl "40/5400+30:1800+30"]

1. e4 c5 2. Nf3 e6 3. c4 Nc6 4. Nc3 d6 5. d4 cxd4 6. Nxd4 Nf6 7. Be2 Be7 8. O-O O-O 9. Be3 d5 10. cxd5 exd5 11. exd5 Nb4 12. Ndb5 Nfxd5 13. Nxd5 Nxd5 14. Bxa7 Nf4 15. Bc4 Bd7 16. Be3 Ng6 17. Nc3 Ne5 18. Bb3 Ra6 19. Qe2 Bd6 20. Rfd1 Qh4 21. g3 Qh3 22. f3 Bb8 23. Ne4 Qh5 24. Kg2 Bh3+ 25. Kf2 Bf5 26. Rh1 Bxe4 27. fxe4 Rf6+ 28. Bf4 Ng4+ 29. Kg2 Bxf4 30. gxf4 Rxf4 31. Raf1 Ne3+ 32. Qxe3 Qg5+ 33. Qg3 Rg4 34. Rf5 Rxg3+ 35. hxg3 Qd2+ 36. Rf2 Qd7 37. Rhf1 Qe7 38. Bd5 b5 39. Rxf7 Rxf7 40. Rxf7 Qb4 41. a3 Kh8 1-0

[Event "14th Poti Open-A 2019"]
[Site "Poti"]
[Date "2019.07.15"]
[Round "3.24"]
[White "Chanturia, Lasha"]
[Black "Karamov, Anil"]
[Result "1-0"]
[ECO "B13"]
[WhiteElo "1742"]
[BlackElo "1559"]
[Annotator "NA RC"]
[PlyCount "75"]
[EventDate "2019.07.13"]
[EventType "swiss"]
[EventCountry "GEO"]
[SourceTitle "playchess.com"]
[Source "ChessBase"]
[SourceQuality "1"]
[TimeControl "40/5400+30:1800+30"]

1. e4 c6 2. d4 d5 3. exd5 cxd5 4. Nf3 Nc6 5. Bb5 Nf6 6. O-O Bg4 7. Qd3 Bxf3 8. Qxf3 e6 9. c3 Be7 10. Nd2 O-O 11. Qh3 a6 12. Bd3 b5 13. Re1 Qc7 14. Nf3 Rfd8 15. Ne5 g6 16. Bh6 Nxe5 17. Rxe5 Bd6 18. Re2 Bf4 19. g3 Bxh6 20. Qxh6 Qe7 21. Qg5 Kg7 22. Qd2 Rdb8 23. a3 Nd7 24. h4 h5 25. Rae1 Nb6 26. Qc2 Re8 27. Re5 Rad8 28. f4 Qd7 29. Rg5 Kf8 30. Bxg6 fxg6 31. Qxg6 Ke7 32. f5 Kd6 33. fxe6 Rxe6 34. Rxe6+ Qxe6 35. Qxe6+ Kxe6 36. Rg6+ Kf5 37. Rxb6 Re8 38. Kf2 1-0

[Event "14th Poti Open-A 2019"]
[Site "Poti"]
[Date "2019.07.15"]
[Round "3.25"]
[White "Lezhava, Beso"]
[Black "Farzaliev, Elnur"]
[Result "1/2-1/2"]
[ECO "D38"]
[WhiteElo "1391"]
[BlackElo "1327"]
[Annotator "NA RC"]
[PlyCount "66"]
[EventDate "2019.07.13"]
[EventType "swiss"]
[EventCountry "GEO"]
[SourceTitle "playchess.com"]
[Source "ChessBase"]
[SourceQuality "1"]
[TimeControl "40/5400+30:1800+30"]

1. d4 Nf6 2. Nf3 d5 3. c4 e6 4. Nc3 Bb4 5. e3 O-O 6. Bd3 dxc4 7. Bxc4 b6 8. O-O Bb7 9. Qe2 Nbd7 10. a3 Bxc3 11. bxc3 c5 12. Rd1 Qc7 13. Bd3 Ne4 14. Bb2 Rac8 15. Nd2 Ndf6 16. f3 Nxd2 17. Rxd2 e5 18. dxe5 Qxe5 19. c4 Qe7 20. Rad1 Rfe8 21. Bf5 Rcd8 22. Rxd8 Rxd8 23. Rxd8+ Qxd8 24. Qd3 Qxd3 25. Bxd3 Nd7 26. Kf2 g6 27. e4 Kf8 28. Ke3 Ke7 29. f4 a6 30. g4 Bc6 31. g5 b5 32. f5 Nb6 33. cxb5 axb5 1/2-1/2

[Event "14th Poti Open-A 2019"]
[Site "Poti"]
[Date "2019.07.15"]
[Round "3.26"]
[White "Dvalishvili, Akaki"]
[Black "Apkhazava, Mikheil"]
[Result "1-0"]
[ECO "A06"]
[WhiteElo "1371"]
[BlackElo "1310"]
[Annotator "NA RC"]
[PlyCount "53"]
[EventDate "2019.07.13"]
[EventType "swiss"]
[EventCountry "GEO"]
[SourceTitle "playchess.com"]
[Source "ChessBase"]
[SourceQuality "1"]
[TimeControl "40/5400+30:1800+30"]

1. Nf3 d5 2. d4 e6 3. c4 c6 4. e3 f5 5. Ne5 Nf6 6. cxd5 exd5 7. Be2 Bd6 8. O-O O-O 9. Nd2 Ne4 10. f3 Nxd2 11. Qxd2 Nd7 12. f4 Nf6 13. Bf3 Ne4 14. Bxe4 fxe4 15. b3 Be6 16. Bb2 Qe8 17. Qe2 Qe7 18. Rf2 Bxe5 19. dxe5 b6 20. g4 g6 21. Raf1 Qd7 22. f5 gxf5 23. gxf5 Rxf5 24. Qg4+ Kh8 25. Qxf5 Bxf5 26. e6+ Qg7+ 27. Bxg7+ 1-0

[Event "14th Poti Open-A 2019"]
[Site "Poti"]
[Date "2019.07.16"]
[Round "5.5"]
[White "Arabidze, Meri"]
[Black "Babujian, Levon"]
[Result "0-1"]
[ECO "D38"]
[WhiteElo "2402"]
[BlackElo "2469"]
[Annotator "RC"]
[PlyCount "132"]
[EventDate "2019.07.13"]
[EventType "swiss"]
[EventCountry "GEO"]
[SourceTitle "playchess.com"]
[Source "ChessBase"]
[SourceQuality "1"]
[TimeControl "40/5400+30:1800+30"]

1. d4 d5 2. c4 e6 3. Nc3 Nf6 4. Nf3 Bb4 5. Bg5 Nbd7 6. cxd5 exd5 7. e3 c5 8. Be2 Qa5 9. O-O c4 10. Qc2 O-O 11. Nd2 Re8 12. Bf3 Bxc3 13. bxc3 Ne4 14. Bxe4 dxe4 15. Bh4 Nb6 16. f3 exf3 17. Rxf3 Qh5 18. Bf2 Bg4 19. Rg3 Be2 20. e4 f5 21. e5 Rac8 22. Qb2 Bd3 23. Nb3 Na4 24. Qd2 Be4 25. Nc5 Nxc5 26. dxc5 Rcd8 27. Bd4 Re6 28. Re1 h6 29. Qf4 Rf8 30. a4 a5 31. Qf1 Bd5 32. Qf4 Kh7 33. h4 Qe8 34. Ra1 Rf7 35. Ra2 Bc6 36. h5 Rf8 37. Rh3 Bxa4 38. Qf1 f4 39. Qa1 Bc6 40. Qb1+ Kh8 41. Rxa5 Qd8 42. Ra2 Qg5 43. Qc1 Qg4 44. Qf1 Bd5 45. Kh2 Rf5 46. Rf2 Re8 47. Qe2 Qg5 48. Qf1 Ref8 49. Qe1 Be6 50. Kh1 Ra8 51. Qc1 Rf7 52. Rhf3 Raf8 53. Kg1 Bg4 54. e6 Bxe6 55. Re2 Bg4 56. Re5 Rf5 57. Rxf5 Qxf5 58. Rf2 Bxh5 59. Qb2 Rf7 60. Qb6 Kh7 61. c6 bxc6 62. Qxc6 Re7 63. Rf1 f3 64. gxf3 Re6 65. Qb7 Qg5+ 66. Kf2 Qh4+ 0-1

[Event "14th Poti Open-A 2019"]
[Site "Poti"]
[Date "2019.07.16"]
[Round "5.6"]
[White "Nigalidze, Gaioz"]
[Black "Botoyan, Smbat"]
[Result "1-0"]
[ECO "D32"]
[WhiteElo "2563"]
[BlackElo "2240"]
[Annotator "RC"]
[PlyCount "75"]
[EventDate "2019.07.13"]
[EventType "swiss"]
[EventCountry "GEO"]
[SourceTitle "playchess.com"]
[Source "ChessBase"]
[SourceQuality "1"]
[TimeControl "40/5400+30:1800+30"]

1. d4 d5 2. c4 e6 3. Nc3 c5 4. e3 Nf6 5. Nf3 Nc6 6. a3 a6 7. Be2 Bd6 8. cxd5 exd5 9. dxc5 Bxc5 10. b4 Bd6 11. O-O O-O 12. Bb2 Re8 13. Qd3 Ne5 14. Nxe5 Bxe5 15. Na4 Bd7 16. Bxe5 Rxe5 17. Nc3 Bc6 18. Rfd1 Qe7 19. Bf3 Ne4 20. Bxe4 dxe4 21. Qd6 Qxd6 22. Rxd6 a5 23. Rb1 axb4 24. axb4 Kf8 25. Rd4 Ra3 26. Rc4 f5 27. h4 Bb5 28. Nxb5 Rxb5 29. Rd1 Rd3 30. Rxd3 exd3 31. Kf1 d2 32. Ke2 Rd5 33. Kd1 b6 34. Rc2 Rd3 35. Rxd2 Rb3 36. Rd4 Rb2 37. Rf4 g6 38. g4 1-0

[Event "14th Poti Open-A 2019"]
[Site "Poti"]
[Date "2019.07.16"]
[Round "5.9"]
[White "Aliyev, Ravan"]
[Black "Melkonyan, Vardan"]
[Result "0-1"]
[ECO "D43"]
[WhiteElo "2385"]
[BlackElo "2232"]
[Annotator "RC"]
[PlyCount "176"]
[EventDate "2019.07.13"]
[EventType "swiss"]
[EventCountry "GEO"]
[SourceTitle "playchess.com"]
[Source "ChessBase"]
[SourceQuality "1"]
[TimeControl "40/5400+30:1800+30"]

1. d4 d5 2. c4 c6 3. Nc3 Nf6 4. Nf3 e6 5. g3 Nbd7 6. Bg2 dxc4 7. O-O b5 8. e4 b4 9. e5 Nd5 10. Ne4 Be7 11. Bg5 Bxg5 12. Nfxg5 O-O 13. Nxh7 Kxh7 14. Qh5+ Kg8 15. Ng5 N7f6 16. Qh4 Re8 17. Rfe1 c3 18. bxc3 bxc3 19. Rac1 Ba6 20. exf6 Qxf6 21. Qh7+ Kf8 22. Qh5 Bd3 23. Bxd5 cxd5 24. Rxc3 Bg6 25. Qh4 Kg8 26. Rf3 Qe7 27. g4 Qb4 28. Rd1 f6 29. Rh3 fxg5 30. Qh8+ Kf7 31. Rf3+ Bf5 32. Qh5+ g6 33. Qxg5 Qe7 34. Qf4 Kg7 35. gxf5 exf5 36. Rh3 Qe4 37. Qh6+ Kf6 38. Rg3 Rg8 39. Rc1 Rae8 40. Rc6+ Re6 41. Qg5+ Kf7 42. Re3 Rxc6 43. Rxe4 dxe4 44. h4 Rd6 45. Qf4 Rgd8 46. h5 Rd5 47. Qg5 R8d6 48. Kf1 a6 49. Qh6 gxh5 50. Qxh5+ Ke7 51. Qh7+ Ke6 52. Qg6+ Kd7 53. Qf7+ Kc6 54. Ke2 Kb5 55. Ke3 Ka4 56. Qb7 Rb5 57. Qc7 Rh6 58. Qc4+ Ka3 59. Qc1+ Kxa2 60. Qc2+ Ka3 61. Qc1+ Ka4 62. Qc4+ Ka5 63. Qc7+ Kb4 64. Qe7+ Ka4 65. Kf4 Rh3 66. Qe6 Rf3+ 67. Kg5 Rxf2 68. Qxa6+ Kb4 69. Qd6+ Ka4 70. Qa6+ Kb4 71. Qd6+ Kb3 72. Qc6 Rb4 73. Qe6+ Kc3 74. d5 Rd4 75. Qc6+ Kd3 76. Qb5+ Ke3 77. Qc5 Rfd2 78. d6 f4 79. Qc3+ R4d3 80. Qc5+ Kf3 81. Qc1 Rd5+ 82. Kf6 Rxd6+ 83. Ke7 Kg2 84. Qc4 f3 85. Qg8+ Kf2 86. Qg5 e3 87. Qh4+ Ke2 88. Qh5 R6d5 0-1

[Event "14th Poti Open-A 2019"]
[Site "Poti"]
[Date "2019.07.16"]
[Round "5.17"]
[White "Manukyan, Aleks"]
[Black "Ismayil, Malak"]
[Result "1-0"]
[ECO "A05"]
[WhiteElo "2097"]
[BlackElo "1886"]
[Annotator "NA RC"]
[PlyCount "67"]
[EventDate "2019.07.13"]
[EventType "swiss"]
[EventCountry "GEO"]
[SourceTitle "playchess.com"]
[Source "ChessBase"]
[SourceQuality "1"]
[TimeControl "40/5400+30:1800+30"]

1. Nf3 Nf6 2. c4 Nc6 3. d4 e6 4. Nc3 Bb4 5. Qc2 d5 6. a3 Bxc3+ 7. bxc3 Ne4 8. e3 O-O 9. Bd3 Nf6 10. O-O h6 11. h3 b6 12. cxd5 exd5 13. c4 dxc4 14. Bxc4 Na5 15. Bd3 Be6 16. Bb2 c5 17. dxc5 Rc8 18. Qe2 bxc5 19. Rfd1 Qe7 20. Rac1 c4 21. Bb1 Nb3 22. Rc2 Ne4 23. Be5 Rfd8 24. Rxd8+ Rxd8 25. Kh2 Kf8 26. Bf4 f6 27. Nd4 Nxd4 28. exd4 Rxd4 29. Qe3 Qd7 30. Rb2 Ng5 31. Rb8+ Ke7 32. Qc3 Kf7 33. Qb4 Qe7 34. Bg6+ 1-0

[Event "14th Poti Open-A 2019"]
[Site "Poti"]
[Date "2019.07.16"]
[Round "5.18"]
[White "Manukyan, Sevak N."]
[Black "Qalichava, Akaki"]
[Result "0-1"]
[ECO "A05"]
[WhiteElo "1830"]
[BlackElo "1808"]
[Annotator "NA RC"]
[PlyCount "88"]
[EventDate "2019.07.13"]
[EventType "swiss"]
[EventCountry "GEO"]
[SourceTitle "playchess.com"]
[Source "ChessBase"]
[SourceQuality "1"]
[TimeControl "40/5400+30:1800+30"]

1. Nf3 Nf6 2. g3 d5 3. Bg2 c5 4. O-O Nc6 5. c4 e5 6. cxd5 Nxd5 7. Nc3 Be6 8. Qa4 f6 9. d3 Be7 10. Nd2 Qd7 11. Nc4 O-O 12. a3 Nb6 13. Qd1 Rfd8 14. b3 Rac8 15. Be3 Nd4 16. Rb1 Nd5 17. Nxd5 Bxd5 18. Bxd5+ Qxd5 19. Qd2 b5 20. Na5 Rd7 21. Rfc1 Bd8 22. Bxd4 exd4 23. a4 a6 24. axb5 axb5 25. b4 c4 26. dxc4 bxc4 27. Qa2 Ra7 28. Qd2 Bxa5 29. bxa5 Rxa5 30. Qb4 Rac5 31. Rd1 Qe4 32. Rbc1 f5 33. Qa4 f4 34. Qd7 fxg3 35. hxg3 Qxe2 36. Rxd4 Rf8 37. Rd2 Qe4 38. Qd4 Qxd4 39. Rxd4 c3 40. Rd3 c2 41. Rd2 Rfc8 42. Kf1 Kf7 43. Ke2 Ke6 44. Kd3 Rd8+ {[%emt 0:00:17] Kd4 Ke5+} 0-1

[Event "14th Poti Open-A 2019"]
[Site "Poti"]
[Date "2019.07.16"]
[Round "5.19"]
[White "Mindiashvili, Tengiz"]
[Black "Kvaratskhelia, Dimitri"]
[Result "1/2-1/2"]
[ECO "A01"]
[WhiteElo "1862"]
[BlackElo "2014"]
[Annotator "NA RC"]
[PlyCount "74"]
[EventDate "2019.07.13"]
[EventType "swiss"]
[EventCountry "GEO"]
[SourceTitle "playchess.com"]
[Source "ChessBase"]
[SourceQuality "1"]
[TimeControl "40/5400+30:1800+30"]

1. b3 e5 2. Bb2 Nc6 3. e3 Nf6 4. Bb5 Bd6 5. Ne2 a6 6. Bxc6 dxc6 7. O-O e4 8. f4 exf3 9. Rxf3 Bg4 10. Rf1 Qe7 11. Qe1 O-O-O 12. Ng3 h5 13. Nc3 Rh6 14. d3 Rg6 15. Nce4 Bb4 16. Bc3 Bxc3 17. Nxc3 Bh3 18. gxh3 h4 19. Rf3 Rh8 20. Kh1 hxg3 21. Rxg3 Rgh6 22. Qf1 Qd7 23. Re1 Rxh3 24. Rxh3 Rxh3 25. Re2 Qe6 26. Nd1 Kb8 27. Qg2 g6 28. Qf1 Qg4 29. Nf2 Qf3+ 30. Kg1 Rh5 31. Nh1 Qxf1+ 32. Kxf1 Ng4 33. Kg1 Rh3 34. e4 Re3 35. Ng3 Rxe2 36. Nxe2 c5 37. c3 c6 1/2-1/2

[Event "14th Poti Open-A 2019"]
[Site "Poti"]
[Date "2019.07.16"]
[Round "5.20"]
[White "Khachatrian, Arbi"]
[Black "Pluzyan, Aram"]
[Result "0-1"]
[ECO "B01"]
[WhiteElo "1735"]
[BlackElo "2087"]
[Annotator "NA RC"]
[PlyCount "132"]
[EventDate "2019.07.13"]
[EventType "swiss"]
[EventCountry "GEO"]
[SourceTitle "playchess.com"]
[Source "ChessBase"]
[SourceQuality "1"]
[TimeControl "40/5400+30:1800+30"]

1. e4 d5 2. exd5 Nf6 3. d4 Nxd5 4. c4 Nb6 5. Nc3 Nc6 6. d5 Ne5 7. Qd4 Ng6 8. c5 e5 9. Qd1 Bxc5 10. g3 Ne7 11. Bg2 Bb4 12. Nge2 Nexd5 13. Qc2 O-O 14. O-O c6 15. a3 Be7 16. b3 Be6 17. Bb2 f6 18. Rfd1 Qe8 19. Ne4 Qf7 20. Nc5 Bxc5 21. Qxc5 Nc7 22. Nc1 Rad8 23. Qc2 Rxd1+ 24. Qxd1 Qd7 25. Qxd7 Nxd7 26. Kf1 Nc5 27. Bc3 Nxb3 28. Nxb3 Bxb3 29. Rb1 Bc4+ 30. Ke1 Nb5 31. Bb4 Rd8 32. Be4 g6 33. g4 Rd7 34. f3 a6 35. a4 Nd4 36. Bc5 Ne6 37. Bb6 Kf7 38. Rb2 Ke7 39. h4 Bd5 40. Be3 Bxe4 41. fxe4 Nd4 42. Kf2 Kd6 43. Bd2 Kc5 44. Ke3 b5 45. a5 Kd6 46. Be1 c5 47. Rh2 b4 48. g5 f5 49. exf5 gxf5 50. h5 Kd5 51. g6 hxg6 52. hxg6 Rg7 53. Rg2 f4+ 54. Kf2 Ke6 55. Kf1 Kf5 56. Rh2 Rxg6 57. Rh7 Ke4 58. Rc7 Rc6 59. Rb7 Kd3 60. Bf2 e4 61. Bxd4 Kxd4 62. Rb6 Kd5 63. Rb8 c4 64. Ke2 c3 65. Kd1 c2+ 66. Kc1 f3 0-1

[Event "14th Poti Open-A 2019"]
[Site "Poti"]
[Date "2019.07.16"]
[Round "5.21"]
[White "Nurijanyan, Alex"]
[Black "Bechvaia, Gabriel"]
[Result "0-1"]
[ECO "B23"]
[WhiteElo "1610"]
[BlackElo "1793"]
[Annotator "NA RC"]
[PlyCount "58"]
[EventDate "2019.07.13"]
[EventType "swiss"]
[EventCountry "GEO"]
[SourceTitle "playchess.com"]
[Source "ChessBase"]
[SourceQuality "1"]
[TimeControl "40/5400+30:1800+30"]

1. e4 c5 2. Nc3 g6 3. f4 Bg7 4. Nf3 Nc6 5. Bc4 e6 6. O-O Nge7 7. d3 d5 8. Bb3 O-O 9. Qe1 Nd4 10. f5 Nxb3 11. axb3 exf5 12. Qh4 dxe4 13. dxe4 Nc6 14. Bg5 f6 15. Be3 Qe7 16. Rfe1 b6 17. Qg3 fxe4 18. Nxe4 Qxe4 19. Bxc5 Qg4 20. Qc7 Qd7 21. Qxd7 Bxd7 22. Bxf8 Bxf8 23. Nd2 Nd4 24. Ne4 Bf5 25. Nxf6+ Kf7 26. Rf1 Kxf6 27. g4 Bc5 28. Kh1 Nxc2 29. Rac1 Ne3 0-1

[Event "14th Poti Open-A 2019"]
[Site "Poti"]
[Date "2019.07.16"]
[Round "5.22"]
[White "Khukhunaishvili, Tariel"]
[Black "Kukhilava, Gubaz"]
[Result "1-0"]
[ECO "D03"]
[WhiteElo "1722"]
[BlackElo "1558"]
[Annotator "NA RC"]
[PlyCount "165"]
[EventDate "2019.07.13"]
[EventType "swiss"]
[EventCountry "GEO"]
[SourceTitle "playchess.com"]
[Source "ChessBase"]
[SourceQuality "1"]
[TimeControl "40/5400+30:1800+30"]

1. Nf3 d5 2. d4 Nf6 3. Bg5 e6 4. e3 Be7 5. Bd3 Nbd7 6. O-O O-O 7. Nbd2 b6 8. Ne5 Nxe5 9. dxe5 Nd7 10. Bxe7 Qxe7 11. f4 Nc5 12. Nf3 Nxd3 13. Qxd3 a5 14. Ng5 f5 15. Rf3 h6 16. Nh3 Bb7 17. Nf2 Qb4 18. Rb1 c5 19. a3 Qa4 20. Rg3 Kh7 21. Qd1 g6 22. h4 h5 23. Nh3 Qc6 24. Qf3 Kh6 25. Ng5 Qd7 26. Qf2 Rfd8 27. Rd1 Qe7 28. Rd2 Rd7 29. Rh3 Rad8 30. c3 Bc6 31. Kh2 a4 32. Kg3 b5 33. Rh1 Kg7 34. Rc1 Rb8 35. Rdc2 c4 36. Rd2 Rbd8 37. Kh3 Rb7 38. Rcd1 Re8 39. Qg3 Kh6 40. Nf3 Rf8 41. Nd4 Bd7 42. Rf2 Rbb8 43. Qh2 Kg7 44. Rf3 Rg8 45. Rg3 Kh6 46. Rg5 Rbf8 47. Qg3 Rd8 48. Ne2 Be8 49. Qf3 Bf7 50. Kg3 Kg7 51. Qxh5 Rh8 52. Qf3 Rdg8 53. Rh1 Kf8 54. Kf2 Qe8 55. g4 Ke7 56. gxf5 gxf5 57. Qg2 Bh5 58. Rg7+ Bf7 59. Qg5+ Kf8 60. Rg1 Rxg7 61. Qxg7+ Ke7 62. Qf6+ Kd7 63. Rg7 Rf8 64. Nd4 Qe7 65. Qxe7+ Kxe7 66. Nxb5 Rg8 67. Rxg8 Bxg8 68. Nd6 Bf7 69. Nb5 Kd7 70. Kg3 Bh5 71. Nd4 Ke7 72. Nc2 Be8 73. h5 Bxh5 74. Kh4 Be8 75. Kg5 Kf7 76. Kh6 Bc6 77. Nd4 Bd7 78. Nf3 Ke7 79. Kg7 Be8 80. Nh4 Bd7 81. Ng6+ Ke8 82. Kf6 Bc8 83. Nh8 1-0